 Dungeon Crawl Stone Soup version 0.30-a0-691-g754fce4c43 (webtiles) character file.

Game seed: 1106870294458895438

58 wormed the Ducker (level 3, -1/17 HPs)
             Began as a Felid Chaos Knight on Jan 20, 2023.
             Was a Plaything of Xom.
             Slain by a worm (7 damage)
             ... on level 2 of the Dungeon.
             The game lasted 00:01:48 (1291 turns).

wormed the Ducker (Felid Chaos Knight)              Turns: 1291, Time: 00:01:49

Health: -1/17      AC:  1    Str:  8    XL:     3   Next: 76%
Magic:  4/4        EV: 18    Int: 15    God:    Xom [..*...]
Gold:   89         SH:  0    Dex: 15    Spells: 2/2 levels left
                                        Lives:  0   Deaths: 0

rFire   . . .      SeeInvis +      - Unarmed
rCold   . . .      Faith    .    (shield unavailable)
rNeg    . . .      Spirit   .    (body armour unavailable)
rPois   +          Reflect  .    (helmet unavailable)
rElec   .          Harm     .    (cloak unavailable)
rCorr   .          Rampage  .    (gloves unavailable)
Will    .....                    (boots unavailable)
Stlth   ++                       (no amulet)
HPRegen 0.22/turn                d - ring of poison resistance
MPRegen 0.09/turn                (no ring)

@: quick
A: very small, claws 1, fangs 3, see invisible, speed 1, shaggy fur 1, stealthy
paws, no weapons or thrown items, no armour, multi-lived
a: Renounce Religion


You were on level 2 of the Dungeon.
You worshipped Xom.
You were a toy of Xom.
You visited 1 branch of the dungeon, and saw 2 of its levels.

You collected 89 gold pieces.

Inventory:

Jewellery
 d - a ring of poison resistance (left paw)
Scrolls
 c - a scroll of blinking {unknown}
Potions
 b - a potion of curing {unknown}
 e - a potion of haste {unknown}
 f - a potion of might {unknown}
 g - a potion of lignification {unknown}
Miscellaneous
 a - a piece from Xom's chessboard (15/15) (quivered)


   Skills:
 + Level 3.5 Fighting
 + Level 4.0 Dodging
 + Level 2.2 Stealth
 + Level 3.5 Unarmed Combat


You had 2 spell levels left.
You didn't know any spells.
Your spell library was empty.

Dungeon Overview and Level Annotations

Branches:
Dungeon (2/15)

Altars:


Innate Abilities, Weirdness & Mutations

You have sharp claws.
You have razor-sharp teeth.
You have supernaturally acute eyesight. (SInv)
You cover ground quickly. (Speed+)
You are covered in fur. (AC +1)
Your paws help you pounce on unaware monsters.
You are incapable of wielding weapons or throwing items.
You cannot wear armour.
You gain extra lives every three experience levels.


Message History

You are too injured to fight recklessly!
You scratch the goblin.
You kill the goblin! "Go forth and redecorate, my child!"
HP restored.
A ball python comes into view.
You see here a worm corpse.
A ball python is nearby!
A ball python is nearby!
The ball python hisses angrily.
You scratch the ball python.
The ball python is moderately wounded.
The ball python completely misses you. The ball python grabs you.
The ball python constricts you.
You scratch the ball python.
You kill the ball python!
A frilled lizard comes into view.
A frilled lizard is nearby!
Found a kite shield.
The frilled lizard closely misses you.
You scratch the frilled lizard.
You kill the frilled lizard!
A worm comes into view.
A worm is nearby!
The worm barely misses you.
You barely miss the worm. You claw the worm!
The worm is heavily wounded.
The worm bites you!
Ouch! That really hurt!
You are too injured to fight recklessly!
You scratch the worm.
The worm is heavily wounded.
You scratch the worm but do no damage.
The worm is heavily wounded.
The worm closely misses you.
You scratch the worm.
The worm is heavily wounded.
The worm bites you!
You die... "I guess I need a new plaything now."

###
#..........# ..
#..........#
#[##..........#
#..#..........#
#.#.......####
##.........#
#..........#
#ยง##.......#
#@##.......#
#w##.......#
#.##.......#
#.##.......#
#.##........
#.# ..# ..#


You could see a worm.

Vanquished Creatures
  A worm (D:2)
  6 dart slugs
  5 ball pythons
  3 endoplasms (D:1)
  A giant cockroach (D:1)
  4 goblins
  3 hobgoblins (D:1)
  4 jackals (D:1)
  4 bats (D:1)
  3 frilled lizards
  7 kobolds
41 creatures vanquished.

Vanquished Creatures (others)
  2 fungi (D:1)
2 creatures vanquished.

Grand Total: 43 creatures vanquished

Notes
Turn   | Place    | Note
-------+----------+-------------------------------------------
     0 | D:1      | wormed the Felid Chaos Knight began the quest for the Orb.
     0 | D:1      | Reached XP level 1. HP: 10/10 MP: 2/2
    41 | D:1      | Found a faded altar of an unknown god.
   132 | D:1      | Reached skill level 1 in Stealth
   134 | D:1      | Reached XP level 2. HP: 8/14 MP: 3/3
   405 | D:1      | XOM: silly message
   426 | D:1      | XOM: silly message
   460 | D:1      | Reached XP level 3. HP: 9/17 MP: 4/4
  1213 | D:2      | Reached skill level 4 in Dodging
  1226 | D:2      | XOM: cloud trail
  1291 | D:2      | Slain by a worm

Illustrated notes

Levels and vault maps discovered:
D:1:      lordsloth_arrival_two_stooges, layout_loops_corners,
          shapermc_ecumenical_altar_gd, grunt_decor_mini_mirrors,
          chequers_serial_rivers_small_3, amcnicky_mini_rare_corridor_liquid,
          minmay_misc_feat_ornament, glass_columns_a, minmay_tall_x
D:2:      layout_basic

Skill      XL: |  1  2  3 |
---------------+----------+-----
Stealth        | 1 2 |  2.2
Dodging        | 4 |  4.0
Fighting       | |  3.5
Unarmed Combat | |  3.5

Action                   || total
-------------------------++-------
Melee: Unarmed           ||   126
       Bite              ||     9
       Punch             ||     2
  Use: Scroll            ||     2
 Stab: Sleeping          ||     4
       Distracted        ||     1
Armor: Skin              ||     8
Dodge: Dodged            ||   100

Table legend: (Time is in decaauts)
 A = Elapsed time spent in this place.
 B = Non-inter-level travel time spent in this place.
 C = Inter-level travel time spent in this place.
 D = Time resting spent in this place.
 E = Time spent auto-exploring this place.
 F = Levels seen in this place.
 G = Mean time per level.
                   A        B        C        D        E       F      G
               +--------+--------+--------+--------+--------+-----+--------+
         Total |   1090 |   1022 |     68 |      0 |    785 |   2 |  545.0 |
       Dungeon |   1090 |   1022 |     68 |      0 |    785 |   2 |  545.0 |
               +--------+--------+--------+--------+--------+-----+--------+

Top non-repeatable levels by time:
     D:1: 962 daAuts
     D:2: 127 daAuts
